 Dungeon Crawl Stone Soup version 0.22-a0-441-gcf5b0c6 (webtiles) character file.

151 profreshinal the Chiller (level 5, 0/35 HPs)
             Began as a Mummy Ice Elementalist on May 30, 2018.
             Was an Initiate of Makhleb.
             Slain by Menkaure (5 damage)
             ... on level 3 of the Dungeon.
             The game lasted 00:13:18 (2618 turns).

profreshinal the Chiller (Mummy Ice Elementalist)   Turns: 2618, Time: 00:13:19

Health: 0/35       AC:  3    Str: 11    XL:     5   Next: 10%
Magic:  2/9        EV: 12    Int: 15    God:    Makhleb [......]
Gold:   134        SH:  0    Dex: 13    Spells: 3/10 levels left

rFire    . . .     SeeInvis .   d - +4 hand axe
rCold    + . .     Gourm    .   (no shield)
rNeg     + + +     Faith    .   a - +1 robe
rPois    ∞         Spirit   .   (no helmet)
rElec    .         Reflect  .   (no cloak)
rCorr    .         Harm     .   (no gloves)
MR       .....                  (no boots)
Stlth    ++........             (no amulet)
HPRegen  0.11/turn              e - ring of protection from fire
MPRegen  0.11/turn              (no ring)

@: very slightly contaminated
A: no food or potions, fire vulnerability, cold resistance 1, negative energy
resistance 3, torment resistance, unbreathing
a: Renounce Religion


You were on level 3 of the Dungeon.
You worshipped Makhleb.
Makhleb was noncommittal.
You were not hungry.

You visited 1 branch of the dungeon, and saw 3 of its levels.

You collected 134 gold pieces.

Inventory:

Hand Weapons
 d - a +4 hand axe (weapon)
Armour
 a - a +1 robe (worn)
Jewellery
 e - a ring of protection from fire (left hand)
Scrolls
 b - a scroll of magic mapping
 c - a scroll of remove curse
 f - a scroll of enchant weapon
 i - a scroll of blinking {unknown}
 j - a scroll of teleportation {unknown}


   Skills:
 - Level 1.7 Dodging
 - Level 1.6 Stealth
 - Level 3.0 Spellcasting
 - Level 0.7 Conjurations
 + Level 1.1 Summonings
 * Level 4.4 Ice Magic


You had 3 spell levels left.
You knew the following spells:

 Your Spells              Type           Power        Failure   Level  Hunger
a - Freeze                Ice            ###.         3%          1    N/A
b - Throw Frost           Conj/Ice       #.....       11%         2    N/A
c - Summon Ice Beast      Ice/Summ       ##......     54%         4    N/A

Your spell library contained the following spells:

 Spells                   Type           Power        Failure   Level  Hunger
 Ozocubu's Armour         Chrm/Ice       #.......     24%         3    N/A
 Throw Icicle             Conj/Ice       #.......     56%         4    N/A

Dungeon Overview and Level Annotations

Branches:
Dungeon (3/15)

Altars:
Kikubaaqudgha
Makhleb
Trog
Uskayaw
Yredelemnul

Annotations:
D:3 1 transporter, Menkaure


Innate Abilities, Weirdness & Mutations

You do not eat or drink.
Your flesh is vulnerable to fire.
You are immune to poison.
Your flesh is cold resistant. (rC+)
You are immune to negative energy. (rN+++)
You are immune to unholy pain and torment.
You can survive without breathing.


Message History

As you read the scroll labeled RAXICZ XEDES, it crumbles to dust.
You feel blessed for a moment.
It was a scroll of remove curse.
Menkaure hits you!
As you read the scroll labeled DENGUT OCUIHAI, it crumbles to dust.
It is a scroll of enchant weapon.
Your +3 hand axe glows red for a moment.
Menkaure barely misses you.
As you read the scroll labeled ERGHAXZ ZUYRGH, it crumbles to dust.
It is a scroll of enchant armour.
Your +0 robe glows green for a moment.
Menkaure hits you!!
Ouch! That really hurt!
* * * LOW HITPOINT WARNING * * *
As you read the scroll labeled FYHEIG YROPHOA, it crumbles to dust.
The creatures around you are filled with an inner flame!
It was a scroll of immolation.
Menkaure hits you.
* * * LOW HITPOINT WARNING * * *
You can't drink.
Okay, then.
Menkaure hits you.
You die...

..............#.#....+...........
########.....##.#.#..#.........[.
#.....#.......'!........#.
#.....#######.#....##.#.#.
#.............#....##.#.#.
#....#####...########.#.#.
#..................##.#.#.
##....#############.##.#.#.
#.....#©..@.......#.##'#+#'
#..^..#....M.....(#........
#.#'#.#..###.###.$#........
#.#.#.#..#8#.#8#?_#.....<..
#.#...#..........[#..#+###'
#.#..©#.....©...M⌠#©.......
#.#...#..........!#..######
#.#.#.#..#8#.#8#._#........
#.#.#.#..###.###.$#...#####


You could see Menkaure (inner flame).

Vanquished Creatures
  An orc wizard (D:3)
  3 gnolls (D:2)
  An adder (D:3)
  An ooze (D:1)
  An adder skeleton (D:3)
  A worm (D:3)
  4 dart slugs
  3 leopard geckos
  2 orcs (D:3)
  4 giant cockroaches
  4 goblins
  9 hobgoblins
  3 jackals (D:3)
  8 kobolds
  3 ball pythons
  8 bats
  2 frilled lizards
  5 rats
63 creatures vanquished.

Notes
Turn   | Place    | Note
-------+----------+-------------------------------------------
     0 | D:1      | profreshinal the Mummy Ice Elementalist began the quest for the Orb.
     0 | D:1      | Reached XP level 1. HP: 13/13 MP: 4/4
   187 | D:1      | Reached XP level 2. HP: 13/19 MP: 0/5
   202 | D:1      | Learned a level 2 spell: Throw Frost
   371 | D:1      | Reached skill level 3 in Ice Magic
   748 | D:1      | Reached XP level 3. HP: 24/24 MP: 5/7
  1020 | D:2      | Reached XP level 4. HP: 20/30 MP: 3/8
  1030 | D:2      | Learned a level 4 spell: Summon Ice Beast
  1390 | D:3      | Reached skill level 4 in Ice Magic
  1413 | D:3      | Found a basalt altar of Yredelemnul.
  1414 | D:3      | Found the +12 mace of Variability {chaos}
  1415 | D:3      | Noticed Menkaure
  1443 | D:3      | Found a transporter.
  1449 | D:3      | Found a transporter.
  1462 | D:3      | Found an ancient bone altar of Kikubaaqudgha.
  1627 | D:3      | Found a hide-covered altar of Uskayaw.
  2111 | D:3      | Reached skill level 1 in Summonings
  2181 | D:3      | Reached XP level 5. HP: 32/35 MP: 5/9
  2510 | D:2      | Found a burning altar of Makhleb.
  2511 | D:2      | Found a bloodstained altar of Trog.
  2523 | D:2      | Became a worshipper of Makhleb the Destroyer
  2618 | D:3      | Slain by Menkaure

Vault maps used:
D:1:      lightli_arrival_maybe_door_vault, minmay_pentomino_w2
D:2:      gammafunk_temple_overflow_pools, feat_on_display
D:3:      gammafunk_temple_of_torment, nicolae_overflow_hidden_temple

Skill      XL: |  1  2  3  4 |
---------------+-------------+-----
Spellcasting   | 3 |  3.0
Ice Magic      | 3 4 |  4.4
Summonings     | 1 |  1.1
Dodging        | |  1.7
Stealth        | |  1.6
Conjurations   | |  0.7

Action                   |  1- 3 |  4- 6 || total
-------------------------+-------+-------++-------
Melee: Hand axe          |     2 |    16 ||    18
 Cast: Freeze            |    56 |    48 ||   104
       Throw Frost       |     2 |     3 ||     5
  Use: Scroll            |       |     5 ||     5
 Stab: Sleeping          |       |     2 ||     2
Armor: Robe              |     6 |     5 ||    11
Dodge: Dodged            |    26 |    29 ||    55

Table legend:
 A = Spawn XP
 B = Non-spawn XP
 C = Spawn XP percentage of total XP
 D = Spawn monster count
 E = Non-spawn monster count
 F = Spawn count percentage of total count
 G = Total turns spent on level
                    A         B        C        D         E        F      G
               +---------+---------+-------+---------+---------+-------+---------
         Total |       0 |     216 |   0.0 |       0 |      63 |   0.0 |  2618
               +---------+---------+-------+---------+---------+-------+---------
           D:1 |       0 |      48 |   0.0 |       0 |      25 |   0.0 |   837
           D:2 |       0 |      74 |   0.0 |       0 |      17 |   0.0 |   536
           D:3 |       0 |      94 |   0.0 |       0 |      21 |   0.0 |  1245
               +---------+---------+-------+---------+---------+-------+---------
